Construct Section Command Post
Selects Australian Defense Battlegroup
Selects Australian Light Infantry Section
Australian Light Infantry Section
Australian Light Infantry Section
Construct Platoon Command Post
6-pounder Anti-tank Gun Team
Selects CMP 15cwt Supply Run
Selects Artillery Trip Wire Flares
Unlock Bishop Self-propelled Artillery
Bishop Self-propelled Artillery
Bishop Self-propelled Artillery
Selects Archer Tank Destroyer